 Dungeon Crawl Stone Soup version 0.23.2 (webtiles) character file.

Game seed: 14224158811969047818

7458 CedricTheThird the Brawler (level 10, 0/88 HPs)
             Began as a Troll Berserker on Apr 10, 2019.
             Was an Elder of Trog.
             Slain by an eight-headed hydra (5 damage)
             ... on level 9 of the Dungeon.
             The game lasted 00:17:29 (7690 turns).

CedricTheThird the Brawler (Troll Berserker)        Turns: 7690, Time: 00:17:30

Health: 0/88       AC:  6    Str: 30    XL:     10   Next: 94%
Magic:  9/9        EV: 10    Int:  3    God:    Trog [****..]
Gold:   519        SH:  0    Dex:  9    Spells: 9/9 levels left

rFire    . . .     SeeInvis .     - Unarmed
rCold    . . .     Gourm    +   (no shield)
rNeg     . . .     Faith    .   a - +0 animal skin
rPois    .         Spirit   .   (helmet restricted)
rElec    .         Reflect  .   (no cloak)
rCorr    .         Harm     .   (gloves unavailable)
MR       .....                  (boots unavailable)
Stlth    +.........             (no amulet)
HPRegen  0.64/turn              (no ring)
MPRegen  0.11/turn              (no ring)

@: no status effects
A: large, unfitting armour, claws 3, fast metabolism 3, gourmand, regeneration
1, shaggy fur 1, tough skin 3
a: Berserk, Trog's Hand, Brothers in Arms, Renounce Religion


You were on level 9 of the Dungeon.
You worshipped Trog.
Trog was greatly pleased with you.
You were hungry.

You visited 2 branches of the dungeon, and saw 11 of its levels.

You collected 519 gold pieces.

Inventory:

Missiles
 B - a large rock (quivered)
 E - 3 exploding tomahawks
 G - 7 curare-tipped needles
Armour
 a - a +0 animal skin (worn)
Jewellery
 k - a cursed ring of attention {unknown}
 y - an uncursed amulet of regeneration {unknown}
 z - an uncursed ring of poison resistance {unknown}
 I - an uncursed ring of poison resistance {unknown}
Wands
 m - a wand of disintegration (29)
 p - a wand of polymorph (6)
 x - a wand of iceblast (7)
 F - a wand of paralysis (7)
Scrolls
 c - 6 scrolls of identify
 d - 4 scrolls of enchant weapon
 e - 3 scrolls of remove curse
 g - a scroll of magic mapping
 o - 4 scrolls of teleportation
 q - 2 scrolls of fog {unknown}
 s - 2 scrolls of blinking {unknown}
 u - a scroll of fear {unknown}
 w - 2 scrolls of amnesia {unknown}
 A - a scroll of immolation {unknown}
 D - a scroll of summoning {unknown}
 H - a scroll of enchant armour {unknown}
 J - a scroll of brand weapon {unknown}
Potions
 f - 3 potions of resistance {unknown}
 h - a potion of heal wounds
 i - a potion of brilliance {unknown}
 j - 2 potions of mutation {unknown}
 l - a potion of magic {unknown}
 n - 3 potions of lignification {unknown}
 r - 2 potions of might
 t - 2 potions of flight {unknown}
 v - 2 potions of curing {unknown}
 C - a potion of degeneration {unknown}
Comestibles
 b - 17 rations


   Skills:
 - Level 2.4 Fighting
 + Level 5.9 Throwing
 - Level 2.4 Dodging
 * Level 15.0 Unarmed Combat


You had 9 spell levels left.
You didn't know any spells.
Your spell library was empty.

Dungeon Overview and Level Annotations

Branches:
Dungeon (10/15)            Temple (1/1) D:6
   Lair: D:8-11         Orc: D:9-12

Altars:
Ashenzari
Cheibriados
Dithmenos
Elyvilon
Fedhas
Gozag
Hepliaklqana
Makhleb
Nemelex Xobeh
Okawaru
Qazlal
Ru
Trog
Uskayaw
Vehumet
Wu Jian
Xom
Yredelemnul
Zin


Innate Abilities, Weirdness & Mutations

You are too large for most types of armour.
You have claws for hands.
Your metabolism is lightning-fast.
You like to eat raw meat.
Your natural rate of healing is unusually fast.
You are covered in fur. (AC +1)
You have extremely tough skin. (AC +3)


Message History

Press: ? - help, Shift-Dir - straight line, f/p - eight-headed hydra
Aim: an eight-headed hydra (heavily wounded)
You throw a large rock.
The large rock hits the eight-headed hydra!!
The eight-headed hydra is severely wounded.
Throwing (i - inventory. (/) - cycle)
B - 2 large rocks (quivered)
Press: ? - help, Shift-Dir - straight line, f/p - eight-headed hydra
Aim: an eight-headed hydra (severely wounded)
You throw a large rock.
The large rock barely misses the eight-headed hydra.
The eight-headed hydra barely misses you.
The eight-headed hydra bites you. x2
The eight-headed hydra bites you but does no damage.
The eight-headed hydra bites you. The eight-headed hydra bites you!
* * * LOW HITPOINT WARNING * * *
The eight-headed hydra bites you!
* * * LOW HITPOINT WARNING * * *
The eight-headed hydra barely misses you.
The eight-headed hydra bites you.
You die...

*,,,,,,,.#y.##......# #.....5.
*,,,,,,*....Z#......#####5######
*,,,,,,*,**#...(....##..y.# ##
*,,,,,,*,* *#......?...#### **#.
######***** #..(.####### #...
#.^#.# **#.#†...# *#.#*
#....######*...#(##.#* **..*
####......##.#*#D#*..# *..#*
#.####.##.**#@#**.#** *##.#* #.#
#...,,*#[# *..,**#...*
####.#####....*#.# **#.,...######
(..........##.##.########......#.
(.........###........###.........
...........#####)###......###....
...........# #..........#!#....
...........# #..........###....
...........# #....O............


You could see an eight-headed hydra.

Vanquished Creatures
  A tengu warrior (D:10)
  A hornet (D:10)
  Prince Ribbit (D:7)
  Grinder (D:4)
  Sigmund (D:6)
  10 yaks
  2 wyverns
  2 water moccasins
  A black bear (D:10)
  4 orc warriors
  3 ice beasts
  2 sky beasts (D:3)
  An ogre (D:7)
  4 centaurs
  Blork the orc (D:6)
  A big kobold (D:7)
  3 bullfrogs
  3 scorpions
  5 killer bees (D:9)
  2 wights (D:8)
  A howler monkey (D:4)
  A centaur zombie (D:10)
  4 crimson imps
  4 jellies
  A bullfrog skeleton (D:9)
  7 hounds
  A centaur skeleton (D:9)
  9 orc priests
  13 orc wizards
  A bullfrog zombie (D:8)
  Jessica (D:3)
  3 iguanas
  Terence (D:2)
  Natasha (thrice) (D:3)
  10 worker ants
  3 worker ant zombies
  4 gnolls (D:3)
  9 adders
  2 shadow imps
  An ooze (D:5)
  3 adder zombies
  3 adder skeletons
  A worm (D:6)
  2 dart slugs
  4 leopard geckos
  32 orcs
  7 bats
  A giant cockroach (D:4)
  6 goblins
  4 hobgoblins
  4 jackals (D:7)
  7 quokkas
  8 frilled lizards
  8 kobolds
  A leopard gecko skeleton (D:4)
  A leopard gecko zombie (D:5)
  A quokka skeleton (D:4)
  A quokka zombie (D:6)
  10 rats
232 creatures vanquished.

Vanquished Creatures (collateral kills)
  2 wights (D:9)
  A jelly (D:9)
3 creatures vanquished.

Grand Total: 235 creatures vanquished

Notes
Turn   | Place    | Note
-------+----------+-------------------------------------------
     0 | D:1      | CedricTheThird the Troll Berserker began the quest for the
                  | Orb.
     0 | D:1      | Reached XP level 1. HP: 22/22 MP: 0/0
   146 | D:1      | Reached XP level 2. HP: 29/29 MP: 1/1
   213 | D:1      | Found a shattered altar of Ashenzari.
   562 | D:2      | Reached skill level 4 in Unarmed Combat
   605 | D:2      | Reached XP level 3. HP: 26/36 MP: 2/2
   611 | D:2      | Found a stormy altar of Qazlal.
   844 | D:2      | Noticed Terence
   852 | D:2      | Killed Terence
   852 | D:2      | Reached ** piety under Trog
  1001 | D:3      | Noticed Natasha
  1016 | D:3      | Killed Natasha
  1016 | D:3      | Reached skill level 5 in Unarmed Combat
  1016 | D:3      | Reached XP level 4. HP: 22/44 MP: 3/3
  1021 | D:3      | Noticed a centaur
  1024 | D:3      | Killed a centaur
  1024 | D:3      | Reached XP level 5. HP: 20/50 MP: 4/4
  1068 | D:3      | Reached skill level 6 in Unarmed Combat
  1072 | D:3      | Noticed Natasha
  1076 | D:3      | Killed Natasha
  1179 | D:3      | Noticed Jessica
  1186 | D:3      | Killed Jessica
  1194 | D:3      | Noticed Natasha
  1207 | D:3      | Killed Natasha
  1281 | D:3      | Reached XP level 6. HP: 58/59 MP: 5/5
  1461 | D:3      | Reached skill level 7 in Unarmed Combat
  1785 | D:3      | Noticed a sky beast
  1794 | D:3      | Killed a sky beast
  1820 | D:3      | Noticed a sky beast
  1827 | D:3      | Killed a sky beast
  1827 | D:3      | Reached skill level 8 in Unarmed Combat
  1827 | D:3      | Reached XP level 7. HP: 7/66 MP: 6/6
  2139 | D:4      | Reached *** piety under Trog
  2274 | D:4      | Noticed Grinder
  2276 | D:4      | Found a bloodstained altar of Trog.
  2285 | D:4      | Killed Grinder
  2285 | D:4      | Reached skill level 9 in Unarmed Combat
  2517 | D:4      | Reached XP level 8. HP: 67/74 MP: 7/7
  2850 | D:5      | Entered Level 5 of the Dungeon
  2926 | D:5      | Reached skill level 10 in Unarmed Combat
  3259 | D:5      | Reached **** piety under Trog
  3466 | D:6      | Noticed Sigmund
  3473 | D:6      | Killed Sigmund
  3488 | D:6      | Found a staircase to the Ecumenical Temple.
  3500 | Temple   | Entered the Ecumenical Temple
  3625 | D:6      | Found a shattered altar of Ashenzari.
  3669 | D:6      | Reached skill level 11 in Unarmed Combat
  3898 | D:6      | Found a bloodstained altar of Trog.
  3898 | D:6      | Found a glowing silver altar of Zin.
  3900 | D:6      | Found a shadowy altar of Dithmenos.
  3901 | D:6      | Noticed Blork the orc
  3903 | D:6      | Found a white marble altar of Elyvilon.
  3910 | D:6      | Killed Blork the orc
  3911 | D:6      | Found a sacrificial altar of Ru.
  4376 | D:7      | Reached XP level 9. HP: 80/80 MP: 8/8
  4445 | D:7      | Reached skill level 12 in Unarmed Combat
  4481 | D:7      | Noticed Prince Ribbit
  4489 | D:7      | Killed Prince Ribbit
  4587 | D:7      | Received a gift from Trog
  4716 | D:7      | You fall through a shaft for 3 floors!
  4716 | D:10     | Entered Level 10 of the Dungeon
  4753 | D:9      | Reached skill level 1 in Throwing
  4827 | D:9      | Noticed a two-headed ogre
  4956 | D:10     | Reached skill level 13 in Unarmed Combat
  5061 | D:10     | Noticed a tengu warrior
  5087 | D:10     | Killed a tengu warrior
  5087 | D:10     | Reached XP level 10. HP: 10/88 MP: 9/9
  5255 | D:10     | Received a gift from Trog
  5685 | D:9      | Reached skill level 14 in Unarmed Combat
  5827 | D:9      | Received a gift from Trog
  6375 | D:8      | Reached skill level 5 in Throwing
  7637 | D:9      | Reached skill level 15 in Unarmed Combat
  7685 | D:9      | Noticed an eight-headed hydra
  7690 | D:9      | Slain by an eight-headed hydra

Skill      XL: |  1  2  3  4  5  6  7  8  9 10 |
---------------+-------------------------------+-----
Unarmed Combat | 4 5 6 8 9 11 13 15 | 15.0
Throwing       | 3 5 |  5.9
Fighting       | |  2.4
Dodging        | |  2.4

Action                   |  1- 3 |  4- 6 |  7- 9 | 10-12 || total
-------------------------+-------+-------+-------+-------++-------
Melee: Unarmed           |    75 |    90 |   245 |   188 ||   598
       Punch             |       |     5 |     8 |    10 ||    23
Throw: Large rock        |       |       |       |     4 ||     4
Invok: Berserk           |     2 |     3 |     9 |     7 ||    21
       Trog's Hand       |       |       |     6 |     3 ||     9
       Brothers in Arms  |       |       |       |     1 ||     1
Evoke: Wand              |       |       |       |     1 ||     1
  Use: Potion            |       |       |     1 |     2 ||     3
       Scroll            |       |       |       |     4 ||     4
 Stab: Sleeping          |       |     2 |       |       ||     2
  Eat: Chunk             |     6 |     9 |    44 |    25 ||    84
       Ration            |       |     1 |     1 |       ||     2
Armor: Animal skin       |    16 |    32 |    52 |    35 ||   135
Dodge: Dodged            |    52 |    42 |   102 |    74 ||   270
